 Dungeon Crawl Stone Soup version 0.29.1-2-gbd0b4ee654 (webtiles) character file.

Game seed: 11796166252945948990

8 qeuew the Poker (level 2, 0/23 HPs)
             Began as a Merfolk Gladiator on Nov 10, 2022.
             Slain by a kobold
             ... wielding a +0 dagger
              (3 damage)
             ... on level 1 of the Dungeon.
             The game lasted 00:00:24 (85 turns).

qeuew the Poker (Merfolk Gladiator)                   Turns: 85, Time: 00:00:25

Health: 0/23       AC:  4    Str: 14    XL:     2   Next: 8%
Magic:  2/2        EV: 13    Int:  7    God:
Gold:   5          SH:  0    Dex: 15    Spells: 1/1 levels left

rFire   . . .      SeeInvis .   a - +0 trident
rCold   . . .      Faith    .   (no shield)
rNeg    . . .      Spirit   .   b - +0 leather armour
rPois   .          Reflect  .   c - +0 helmet
rElec   .          Harm     .   (no cloak)
rCorr   .          Rampage  .   (no gloves)
Will    .....                   (no boots)
Stlth   +.........              (no amulet)
HPRegen 0.07/turn               (no ring)
MPRegen 0.08/turn               (no ring)

@: no status effects
A: (nimble swimmer 2), mertail
a: no special abilities


You were on level 1 of the Dungeon.
You visited 1 branch of the dungeon, and saw 1 of its levels.

You collected 5 gold pieces.

Inventory:

Hand Weapons
 a - a +0 trident (weapon)
Missiles
 d - 3 throwing nets (quivered)
 e - a javelin
Armour
 b - a +0 leather armour (worn)
 c - a +0 helmet (worn)


   Skills:
 + Level 2.3 Fighting
 + Level 4.2 Polearms
 + Level 2.1 Throwing
 + Level 0.2 Armour
 + Level 4.1 Dodging


You had one spell level left.
You didn't know any spells.
Your spell library was empty.

Dungeon Overview and Level Annotations

Branches:
Dungeon (1/15)

Altars:


Innate Abilities, Weirdness & Mutations

((You are very nimble when in or above water. (Stealth+, EV+, Speed+++)))
Your lower body shifts to a powerful aquatic tail in water.


Message History

The jackal bites you but does no damage.
You closely miss the jackal. The jackal bites you.
The kobold barely misses you.
You closely miss the jackal. The jackal bites you.
The kobold closely misses you. The jackal closely misses you.
You are too injured to fight recklessly!
You are too injured to fight recklessly!
You are too injured to fight recklessly!
You are too injured to fight recklessly!
You are too injured to fight recklessly!
You are too injured to fight recklessly!
You are too injured to fight recklessly!
You are too injured to fight recklessly!
You are too injured to fight recklessly!
You are too injured to fight recklessly!
You are too injured to fight recklessly!
The jackal closely misses you. The jackal attacks as you move away!
The jackal completely misses you. The jackal attacks as you move away!
The jackal bites you. x2
* * * LOW HITPOINT WARNING * * *
You see here a bat corpse.
The jackal attacks as you move away! The jackal closely misses you.
The jackal misses you.
There is an open door here.
The jackal attacks as you move away! The jackal misses you.
The jackal barely misses you.
You puncture the jackal!
You kill the jackal!
The kobold hits you but does no damage.
You hit the kobold.
The kobold is severely wounded.
The kobold hits you with a +0 dagger.
* * * LOW HITPOINT WARNING * * *
You closely miss the kobold.
The kobold is severely wounded.
The kobold barely misses you.
You closely miss the kobold.
The kobold is moderately wounded.
The kobold hits you with a +0 dagger.
You die...

+.....<.....'.##†#
#####...#####.##.#
###########.###.......#
#.........#.# #.#######
#.........#.# #.#
#.........#.# #.#
###.........#+# #.#
#...........#.###.#
#..........†'.K@..#
#...........#######
+#...........#
.......†.....#
.............#
...#...#####.#
#........#...
#....)........
#..............


You could see a kobold.

Vanquished Creatures
  2 bats (D:1)
  3 jackals (D:1)
  2 frilled lizards (D:1)
7 creatures vanquished.

Notes
Turn   | Place    | Note
-------+----------+-------------------------------------------
     0 | D:1      | qeuew the Merfolk Gladiator began the quest for the Orb.
     0 | D:1      | Reached XP level 1. HP: 16/16 MP: 1/1
    65 | D:1      | Reached XP level 2. HP: 17/23 MP: 2/2
    85 | D:1      | Slain by a kobold

Illustrated notes

Levels and vault maps discovered:
D:1:      mrwooster_arrival_arrow, layout_basic, minmay_gold_behind_fungi

Action                   || total
-------------------------++-------
Melee: Trident           ||    29
 Stab: Sleeping          ||     1
Armor: Leather armour    ||    15
Dodge: Dodged            ||    37
